 Dungeon Sprint DCSS version 0.19.4-9-g45fd643 (webtiles) character file.

155 protoss039 the Skirmisher (level 5, -2/37 HPs)
             Began as a Gargoyle Fighter on Feb 21, 2017.
             Killed from afar by a deep elf mage (23 damage)
             ... with a bolt of negative energy
             ... in the Dungeon (Sprint III: "The Ten Rune Challenge").
             The game lasted 00:01:40 (394 turns).

protoss039 the Skirmisher (Gargoyle Fighter)         Turns: 394, Time: 00:01:40

Health: -2/37      AC: 11    Str: 20    XL:     5   Next: 37%
Magic:  5/5        EV:  8    Int:  9    God:
Gold:   35         SH: 10    Dex:  9    Spells: 0 memorised, 4 levels left

rFire  . . .     SeeInvis .     a - +0 flail
rCold  . . .     Gourm    .     b - +0 scale mail
rNeg   + . .     Faith    .     c - +0 shield
rPois  ∞         Spirit   .     (no helmet)
rElec  +         Reflect  .     (no cloak)
rCorr  .         Harm     .     (no gloves)
MR     .....     NoTele   +     (no boots)
Stlth  ..........               (no amulet)
                                (no ring)
                                (no ring)

@: very slightly contaminated, drained
A: negative energy resistance 1, electricity resistance, unbreathing,
petrification resistance, rot immunity, AC +4
a: no special abilities


You were in the Dungeon.
You were not hungry.

You visited 1 branch You collected 35 gold pieces.

Inventory:

Hand Weapons
 a - a +0 flail (weapon)
Armour
 b - a +0 scale mail (worn)
 c - a +0 shield (worn)
Scrolls
 m - a scroll of torment {unknown}
 n - 4 scrolls of remove curse
 r - a scroll of immolation {unknown}
 s - 2 scrolls of identify
Potions
 d - a potion of might
 e - a potion of curing
 g - a potion of heal wounds
 h - a potion of haste
 i - 2 potions of magic
 j - a potion of berserk rage
 l - 2 potions of mutation {unknown}
 p - 2 potions of cure mutation {unknown}
 q - 2 potions of beneficial mutation {unknown}
 t - a potion of flight {unknown}
Comestibles
 f - 2 bread rations
 o - a meat ration


   Skills:
 + Level 6.5(6.1) Fighting
 + Level 5.8(5.4) Maces & Flails
 + Level 6.4(6.0) Armour
 + Level 1.2(0.8) Dodging
 + Level 6.0(5.7) Shields


You had 4 spell levels left.
You didn't know any spells.

Dungeon Overview and Level Annotations

Branches:
Dungeon (1/1)

Altars:
Elyvilon
Zin
The Shining One


Innate Abilities, Weirdness & Mutations

You are resistant to torment.
Your stone body is resilient. (AC +4)
You are immune to poison.
You resist negative energy. (rN+)
You are resistant to electric shocks. (rElec)
You can survive without breathing.
You are immune to petrification.
You are immune to rotting.


Message History

You block the hell rat's attack.
Unknown command.
Unknown command.
You completely miss the deep elf mage.
The deep elf mage is almost dead.
The jumping spider leaps!
You block the ice devil's attack. You block the hell rat's attack.
The deep elf mage mumbles some strange words.
The deep elf mage blinks!
You block the ice devil's attack.
Unknown command.
Unknown command.
Okay, then.
Blink to where?
Press: ? - help, Dir - move target cursor You are very lightly contaminated with residual magic.
As you read the scroll of blinking, it crumbles to dust.
The deep elf mage gestures at you while chanting.
The bolt of negative energy hits you! You partially resist.
You feel drained.
Ouch! That really hurt!
You die...

▓▓▓▓▓▓ ▓▓▓ .....♣
♣.##### .....♣♣
♣♣.#___# ......♣
♣..#.r§# ....≈.♣
♣♣.###4#+###+##
...≈≈.♣♣♣..#....e.....#
..≈≈≈≈.♣...'.⌠s.@.....#
..≈≈≈≈≈≈♣..#...######+#
.≈≈≈≈≈≈....#.⌠.#
.≈≈≈≈≈.....#...#
.≈≈≈.......#+###
...........#
...........#
▓▓▓▓▓▓▓▓▓▓▓▓


You could see an ice devil, a deep elf mage, a jumping spider and a hell rat.

Vanquished Creatures
  A water elemental (D)
  A scorpion (D)
  Jessica (D)
  A human (D)
  An ooze (D)
  2 rats (D)
7 creatures vanquished.

Vanquished Creatures (others)
  2 draconian scorchers (D)
  6 hellions (D)
  A yaktaur (D)
9 creatures vanquished.

Grand Total: 16 creatures vanquished

Notes
Turn   | Place    | Note
-------+----------+-------------------------------------------
     0 | D        | protoss039 the Gargoyle Fighter began the quest for the Orb.
     0 | D        | Reached XP level 1. HP: 14/14 MP: 1/1
    11 | D        | Noticed Jessica
    14 | D        | Killed Jessica
    14 | D        | Reached skill level 5 in Fighting
    14 | D        | Reached XP level 2. HP: 20/21 MP: 2/2
    14 | D        | Reached XP level 3. HP: 25/26 MP: 3/3
    63 | D        | Reached skill level 5 in Armour
    63 | D        | Reached skill level 5 in Shields
    68 | D        | Killed a yaktaur
    90 | D        | Killed a hellion
    93 | D        | Killed a hellion
    93 | D        | Killed a hellion
   115 | D        | Killed a hellion
   135 | D        | Killed a hellion
   137 | D        | Killed a hellion
   144 | D        | Killed a white draconian scorcher
   154 | D        | Killed a white draconian scorcher
   311 | D        | Noticed a scorpion
   333 | D        | Killed a scorpion
   333 | D        | Reached XP level 4. HP: 29/32 MP: 4/4
   370 | D        | Noticed a water elemental
   379 | D        | Killed a water elemental
   379 | D        | Reached skill level 5 in Maces & Flails
   379 | D        | Reached skill level 1 in Dodging
   379 | D        | Reached XP level 5. HP: 37/37 MP: 5/5
   383 | D        | Found a glowing silver altar of Zin.
   383 | D        | Found a glowing golden altar of the Shining One.
   383 | D        | Found a white marble altar of Elyvilon.
   384 | D        | Noticed a deep elf mage
   388 | D        | Noticed an ice devil
   392 | D        | Noticed a jumping spider
   394 | D        | Killed from afar by a deep elf mage

Skill      XL: |  1  2  3  4 |
---------------+-------------+-----
Armour         | 4 5 6 |  6.4
Fighting       | 5 6 |  6.5
Maces & Flails | 3 4 5 |  5.8
Shields        | 4 5 6 |  6.0
Dodging        | 1 |  1.2

Action                   |  1- 3 |  4- 6 || total
-------------------------+-------+-------++-------
Melee: Flail             |    49 |    16 ||    65
  Use: Scroll            |       |     1 ||     1
Armor: Scale mail        |    20 |     4 ||    24
Dodge: Dodged            |    11 |     2 ||    13
Block: Shield            |    20 |    16 ||    36
